 Dungeon Crawl Stone Soup version 0.20.1-1-g8b1a95d (webtiles) character file.

290835 Gremour the Severer (level 21, -11/193 HPs)
             Began as a Hill Orc Fighter on Nov 24, 2017.
             Was a High Priest of Qazlal.
             Killed from afar by a war gargoyle (21 damage)
             ... with a spray of metal splinters
             ... on level 5 of the Vaults.
             The game lasted 04:29:56 (42688 turns).

Gremour the Severer (Hill Orc Fighter)             Turns: 42688, Time: 04:29:57

Health: -11/193    AC: 31    Str: 22    XL:     21   Next: 14%
Magic:  6/37       EV: 23    Int: 18    God:    Qazlal [*****.]
Gold:   2268       SH: 28    Dex: 24    Spells: 22/31 levels left

rFire    + + .     SeeInvis .   a - +3 war axe (chop)
rCold    + . .     Gourm    .   T - +1 shield {reflect}
rNeg     . . .     Faith    .   O - +0 plate armour {rF+}
rPois    .         Spirit   .   D - +3 hat of Pondering {ponderous, MR+ MP+10 Int+5}
rElec    +         Reflect  +   y - +2 cloak {+Inv}
rCorr    +         Harm     .   k - +2 pair of gloves of Pride {rF+ Int+3}
MR       ++...     Clarity  +   h - +2 pair of boots
Stlth    ..........             t - +5 amulet of reflection
Regen    1.5/turn               z - +3 ring of evasion
MPRegen  0.3/turn               m - ring of resist corrosion

@: agile, protected from electricity, slightly contaminated, regenerating,
invisible, repel missiles, slow
A: horns 2, thin skeletal structure 1, clarity, clever 1, cold resistance 1, low
mp 1, mutation resistance 1, shaggy fur 1
}: 1/15 runes: decaying
a: Upheaval, Elemental Force, Disaster Area, Renounce Religion


You were on level 5 of the Vaults.
You worshipped Qazlal.
Qazlal was extremely pleased with you.
You were not hungry.

You visited 6 branches of the dungeon, and saw 33 of its levels.
You also visited: Wizlab.

You collected 3347 gold pieces.
You spent 1079 gold pieces at shops.

Inventory:

Hand Weapons
 a - a +3 war axe of chopping (weapon)
 w - the +8 whip "Snakebite" {curare, rPois}
   (You found it on level 4 of the Lair of Beasts)

   It poisons the flesh of those it strikes.
   It protects you from poison.
Missiles
 B - 34 tomahawks (quivered)
Armour
 h - a +2 pair of boots (worn)
 k - the +2 pair of gloves of Pride (worn) {rF+ Int+3}
   (You bought it in a shop on level 6 of the Dungeon)

   It affects your intelligence (+3).
   It protects you from fire.
 y - a +2 cloak of invisibility (worn)
 D - the +3 hat of Pondering (worn) {ponderous, MR+ MP+10 Int+5}
   (You took it off Gastronok on level 2 of the Lair of Beasts)

   It affects your intelligence (+5).
   It affects your resistance to hostile enchantments.
   It affects your magic capacity (+10).
 O - a +0 plate armour of fire resistance (worn)
 T - a +1 shield of reflection (worn)
 X - a +1 scale mail of fire resistance
Jewellery
 m - a ring of resist corrosion (right hand)
 q - an uncursed ring of ice
 t - a +5 amulet of reflection (around neck)
 u - the ring of Sovereignty {Ice rN++ Str-5}
   (You found it in a wizard's laboratory)

   [ring of ice]

   It enhances your ice magic.
   It affects your strength (-5).
   It makes you vulnerable to fire.
   It protects you from cold.
   It greatly protects you from negative energy.
 z - a +3 ring of evasion (left hand)
 Q - an uncursed ring of poison resistance
Wands
 s - a wand of iceblast (5/15)
 E - a wand of lightning (9/15)
 F - a wand of paralysis (13/24)
 J - a wand of iceblast (8/15)
 N - a wand of acid (10/15)
Scrolls
 c - a scroll of silence
 i - 15 scrolls of identify
 j - 6 scrolls of remove curse
 l - 11 scrolls of teleportation
 v - 2 scrolls of immolation
 x - 7 scrolls of magic mapping
 I - a scroll of blinking
Potions
 d - 2 potions of curing
 r - a potion of cancellation
 A - 3 potions of flight
 G - 2 potions of agility
 R - 20 potions of mutation
Books
 e - a book of the Tempests

   Spells                             Type                      Level
   a - Static Discharge               Conjuration/Air              3
   b - Lightning Bolt                 Conjuration/Air              5
   c - Ignition                       Fire                         8
   d - Tornado                        Air                          9
   e - Shatter                        Earth                        9
 K - the Tome of Transmigration
   (You found it in a wizard's laboratory)

   Spells                             Type                      Level
   a - Passwall                       Transmutation/Earth          2
   b - Sticks to Snakes               Transmutation                2
   c - Spider Form                    Transmutation/Poison         3
   d - Ice Form                       Ice/Transmutation            4
   e - Irradiate                      Conjuration/Transmutation    5
   f - Yara's Violent Unravelling     Hexes/Transmutation          5
   g - Dragon Form                    Transmutation                7
 P - a book of Transfigurations

   Spells                             Type                      Level
   a - Irradiate                      Conjuration/Transmutation    5
   b - Statue Form                    Transmutation/Earth          6
   c - Hydra Form                     Transmutation                6
   d - Dragon Form                    Transmutation                7
 U - Cigotuvi's Disquisition on Sinister Shape Shifting
   (You found it in a wizard's laboratory)

   Spells                             Type                      Level
   a - Animate Skeleton               Necromancy                   1
   b - Sticks to Snakes               Transmutation                2
   c - Spider Form                    Transmutation/Poison         3
   d - Petrify                        Transmutation/Earth          4
   e - Cigotuvi's Embrace             Necromancy                   5
Miscellaneous
 p - a lightning rod (3/4)
Comestibles
 b - 2 chunks of flesh
 f - 14 bread rations
 g - 15 royal jellies
 o - 3 meat rations
 C - 21 fruits


   Skills:
 - Level 17.7 Fighting
 - Level 20.0 Axes
 - Level 0.4(11.7) Maces & Flails
 - Level 13.7 Armour
 - Level 10.2 Dodging
 - Level 17.3 Shields
 - Level 5.7 Spellcasting
 - Level 7.3 Charms
 - Level 8.0 Necromancy
 * Level 4.2 Transmutations
 * Level 5.3 Earth Magic
 + Level 13.1 Invocations
 + Level 7.7 Evocations


You had 22 spell levels left.
You knew the following spells:

 Your Spells              Type           Power        Failure   Level  Hunger
f - Statue Form           Tmut/Erth      ###......    100%        6    #######
r - Regeneration          Chrm/Necr      ####......   16%         3    ##.....


Dungeon Overview and Level Annotations

Branches:
Dungeon (15/15)            Temple (1/1) D:4            Lair (6/6) D:8
  Swamp (4/4) Lair:4       Spider (0/4) Lair:4          Orc (2/2) D:9
    Elf (0/3) Orc:2        Vaults (5/5) D:13          Crypt (0/3) Vaults:3
 Depths (0/5) D:15
  Slime: Lair:5-6

Altars:
Fedhas
Hepliaklqana
Kikubaaqudgha
Makhleb
Nemelex Xobeh
Okawaru
Qazlal
Sif Muna
Trog
Uskayaw
Vehumet
Yredelemnul
Zin
The Shining One

Shops:
D:6 [   D:15 [   Orc:1 ?   Orc:2 *([:   Vaults:1 *[

Portals:
Trove: Vaults:3 (give 16 potions of curing)

Annotations:
Lair:6 bmj180's ghost, journeyman MfFi


Innate Abilities, Weirdness & Mutations

You have a pair of horns on your head.
You have a somewhat thin skeletal structure. (Dex +2, Stealth)
You possess an exceptional clarity of mind.
Your mind is acute. (Int +2)
Your flesh is cold resistant. (rC+)
Your magical capacity is low. (-10% MP)
You are somewhat resistant to further mutation.
You are covered in fur. (AC +1)


Message History

Unknown command.
You hit the war gargoyle but do no damage.
The war gargoyle is moderately damaged.
You hear a deafening roar!
The fire giant seems less brilliant.
The ironheart preserver seems less brilliant.
The fire giant seems less brilliant.
The titan seems less brilliant.
The tengu reaver seems less brilliant.
The frost giant seems less brilliant.
The ironbrand convoker seems less brilliant.
The titan points at you and mumbles some strange words.
The bolt of lightning hits the war gargoyle.
The war gargoyle resists.
The bolt of lightning hits you!
You feel protected from electricity.
* * * LOW HITPOINT WARNING * * *
The ironheart preserver mumbles some strange words.
The ironheart preserver begins to accept its allies' injuries.
The war gargoyle is struck by lightning.
The war gargoyle launches metal splinters at you.
The spray of metal splinters hits you!
You die...

#####.........C###
........<<...p....
.......<..<)p.....
.....p.cpT)CQC....
........§.C§p≈.≈..
#####.)$cCCX*#####
#..p..p)CC...
#...#...p#9##..
....##....#.@##.
...# #...[#.§.#
... #....#§.§.#
#.....# #......#
#......|#
#......}:#
#......)##
#......##


You could see a tentacled monstrosity, an ironheart preserver, a titan, a frost
giant, 2 fire giants, 2 stone giants, a vault warden, a tengu reaver, 2 yaktaur
captains, a deep troll, a war gargoyle, an ironbrand convoker and a
battlesphere.

Vanquished Creatures
  Sojobo (Vaults:5)
  Bai Suzhen (Vaults:4)
  A tentacled monstrosity (Vaults:5)
  Rupert (Orc:2)
  A lich (Vaults:3)
  An ancient champion (Vaults:3)
  Gastronok (Lair:2)
  A sphinx (Vaults:3)
  Frances (Swamp:1)
  3 thorn hunters
  A storm dragon (Vaults:5)
  A tengu reaver (Vaults:3)
  Kirke (Lair:5)
  Donald (Swamp:4)
  A fire giant (Vaults:3)
  11 vault wardens
  A frost giant (Vaults:3)
  2 orc warlords
  8 very ugly things
  5 stone giants
  3 deep elf annihilators (Vaults:3)
  9 ironheart preservers
  A deep elf demonologist (Vaults:3)
  Azrael (D:13)
  A dire elephant (shapeshifter) (WizLab)
  An ettin (Vaults:4)
  3 fire dragons
  A deep elf high priest (Vaults:5)
  Erolcha (Orc:2)
  7 yaktaur captains
  28 hydras
  29 vault guards
  An ice dragon (Vaults:4)
  An ice dragon (shapeshifter) (WizLab)
  13 ogre magi
  A great orb of eyes (Vaults:1)
  A ghost crab (Swamp:1)
  A death knight (Vaults:3)
  6 centaur warriors
  An alligator snapping turtle (shapeshifter) (WizLab)
  A deep troll shaman (Vaults:4)
  The ghost of ThereIsNoGod the Thaumaturge, a journeyman SpVM of Vehumet (D:14)
  6 alligators
  A death yak (Lair:4)
  39 two-headed ogres
  A two-headed ogre (shapeshifter) (WizLab)
  3 queen ants (shapeshifter) (WizLab)
  5 orc high priests
  A tengu warrior (D:10)
  Urug (Lair:2)
  An iron golem (WizLab)
  Sonja (Lair:1)
  A fire crab (shapeshifter) (WizLab)
  A sea snake (shapeshifter) (D:14)
  A skeletal warrior (Vaults:3)
  2 deep elf knights (Vaults:3)
  2 shadow wraiths
  2 unseen horrors
  9 deep trolls
  The ghost of Ratty the Destroyer, a novice DEFE of Vehumet (D:9)
  3 spriggan druids (Swamp:4)
  3 phantasmal warriors (Vaults:5)
  2 wizards
  5 large abominations (WizLab)
  2 flayed ghosts
  2 shambling mangroves
  7 swamp dragons
  5 ironbrand convokers
  6 deep elf archers
  2 necromancers
  A lindwurm (shapeshifter) (WizLab)
  3 wolf spiders
  22 orc knights
  4 orc sorcerers
  4 oklob plants (Lair:3)
  2 orb spiders (shapeshifter)
  12 deep elf magi
  A shining eye (shapeshifter) (Vaults:5)
  A mana viper (shapeshifter) (Vaults:5)
  8 cyclopes
  An elephant (shapeshifter) (WizLab)
  33 ugly things
  A moth of wrath (shapeshifter) (WizLab)
  Maurice (D:9)
  4 manticores
  2 centaur zombies
  4 black mambas
  A black mamba (shapeshifter) (D:15)
  Joseph (D:7)
  2 gargoyles
  2 torpor snails
  21 elephants
  A torpor snail (shapeshifter) (WizLab)
  10 vault sentinels
  21 spiny frogs
  A rime drake (shapeshifter) (WizLab)
  A yaktaur (shapeshifter) (WizLab)
  2 rime drakes
  24 yaktaurs
  An efreet (D:13)
  A kobold demonologist (D:14)
  6 freezing wraiths
  7 komodo dragons
  A troll (shapeshifter) (Vaults:1)
  7 polar bears
  A tyrant leech (shapeshifter) (WizLab)
  4 meliai
  A hornet (shapeshifter) (WizLab)
  8 trolls
  A dream sheep (shapeshifter) (D:13)
  A blink frog (shapeshifter) (D:13)
  39 slime creatures
  12 hornets
  20 blink frogs
  4 dream sheep (Lair:6)
  6 bog bodies
  A raiju (shapeshifter) (Vaults:1)
  3 tyrant leeches
  6 hippogriffs
  A centaur simulacrum (D:15)
  A hippogriff (shapeshifter) (Vaults:3)
  A snapping turtle (shapeshifter) (Vaults:2)
  A spriggan (shapeshifter) (Vaults:1)
  2 tarantellas (shapeshifter) (WizLab)
  A redback (shapeshifter) (WizLab)
  3 shadows
  19 spriggans
  A vampire (D:15)
  A wyvern (shapeshifter) (WizLab)
  8 wyverns
  4 fire elementals (D:13)
  The ghost of Lanoc the Digger, an amateur DDEE of Okawaru (D:4)
  A hog (shapeshifter) (Vaults:3)
  47 yaks
  6 basilisks
  4 hogs (Lair:5)
  2 wraiths
  19 vampire mosquitoes
  5 wargs
  Menkaure (D:4)
  7 hungry ghosts
  Edmund (D:5)
  6 small abominations (WizLab)
  5 insubstantial wisps (Swamp:2)
  23 swamp worms
  2 hell hounds (D:13)
  18 water moccasins
  3 acid dragons
  12 porcupines
  4 floating eyes (WizLab)
  A black bear (shapeshifter) (D:15)
  42 orc warriors
  3 sky beasts
  14 swamp drakes
  5 ice beasts
  A sky beast (shapeshifter) (WizLab)
  4 black bears
  A hornet zombie (D:13)
  2 ogres (shapeshifter) (WizLab)
  A necrophage (D:14)
  6 phantoms
  The ghost of Ymberto the Skirmisher, an amateur HuFi (D:3)
  16 wolves
  An eye of draining (shapeshifter) (D:13)
  5 boggarts (Lair:6)
  34 ogres
  A tengu (shapeshifter) (WizLab)
  19 crocodiles
  A centaur (shapeshifter) (WizLab)
  18 centaurs
  5 big kobolds
  13 bullfrogs
  A glowing shapeshifter simulacrum (Vaults:3)
  3 wyvern zombies
  2 scorpions
  A killer bee (shapeshifter) (WizLab)
  4 howler monkeys
  An electric eel (Lair:4)
  3 wights
  9 crimson imps
  A human simulacrum (Vaults:3)
  2 bullfrog zombies (D:13)
  5 hounds
  A hound (shapeshifter) (WizLab)
  2 quasits
  7 jellies
  3 bullfrog skeletons
  17 orc priests
  27 orc wizards
  5 centaur skeletons
  5 iguanas
  2 polar bear simulacra (Lair:3)
  10 worker ants
  7 yak simulacra (Lair:3)
  A wolf simulacrum (Lair:3)
  2 hound skeletons
  A hound zombie (D:8)
  A howler monkey zombie (D:5)
  An adder (shapeshifter) (WizLab)
  3 gnolls (D:8)
  17 adders
  5 shadow imps
  2 adder zombies
  7 worms
  5 adder skeletons
  2 dart slugs
  4 leopard geckos
  82 orcs
  5 giant cockroaches
  2 gnoll zombies (D:6)
  4 goblins
  5 hobgoblins
  8 jackals
  16 kobolds
  6 quokkas
  6 bats
  12 frilled lizards
  A jackal skeleton (D:8)
  12 rats
  A river rat simulacrum (Lair:3)
  A briar patch (Swamp:3)
  7 fungi
  4 plants
1337 creatures vanquished.

Vanquished Creatures (collateral kills)
  A mutant beast (WizLab)
  A very ugly thing (WizLab)
  Fannar (Lair:2)
  A deep troll shaman (Vaults:4)
  A shadow wraith (Vaults:4)
  A deep troll (Vaults:4)
  A hippogriff (Lair:6)
  2 large abominations (WizLab)
  An orc priest (Vaults:4)
10 creatures vanquished.

Vanquished Creatures (others)
  A stone giant (Vaults:2)
  A deep elf mage (Vaults:2)
  A cyclops (Vaults:1)
  9 yaktaurs
  A hippogriff (Lair:5)
  2 humans (Lair:5)
  A sky beast (D:7)
  A centaur (Vaults:1)
  9 briar patches
  5 bushes
  16 fungi
  26 plants
73 creatures vanquished.

Grand Total: 1420 creatures vanquished

Notes
Turn   | Place    | Note
-------+----------+-------------------------------------------
     0 | D:1      | Gremour the Hill Orc Fighter began the quest for the Orb.
     0 | D:1      | Reached XP level 1. HP: 19/19 MP: 1/1
    46 | D:1      | Reached skill level 3 in Axes
    84 | D:1      | Reached XP level 2. HP: 22/26 MP: 2/2
   303 | D:1      | Reached skill level 4 in Axes
   690 | D:2      | Reached XP level 3. HP: 31/31 MP: 3/3
   694 | D:2      | Reached skill level 5 in Axes
  1017 | D:2      | Reached XP level 4. HP: 39/39 MP: 4/4
  1173 | D:2      | Found a hide-covered altar of Uskayaw.
  1517 | D:2      | Reached skill level 6 in Axes
  1534 | D:3      | Found a blossoming altar of Fedhas.
  1582 | D:3      | Found a sparkling altar of Nemelex Xobeh.
  1868 | D:3      | Noticed Ymberto's ghost (amateur HuFi)
  1877 | D:3      | Killed Ymberto's ghost
  1877 | D:3      | Reached skill level 7 in Axes
  1877 | D:3      | Reached XP level 5. HP: 34/45 MP: 5/5
  2040 | D:3      | Reached skill level 8 in Axes
  2056 | D:3      | Reached XP level 6. HP: 51/51 MP: 6/6
  2736 | D:4      | Found an ancient bone altar of Kikubaaqudgha.
  3007 | D:4      | Noticed Menkaure
  3020 | D:4      | Killed Menkaure
  3020 | D:4      | Reached skill level 9 in Axes
  3048 | D:4      | Noticed a phantom
  3095 | D:4      | Killed a phantom
  3095 | D:4      | Reached skill level 10 in Axes
  3095 | D:4      | Reached XP level 7. HP: 52/57 MP: 7/7
  3154 | D:4      | Found a staircase to the Ecumenical Temple.
  3353 | Temple   | Entered the Ecumenical Temple
  3361 | Temple   | Became a worshipper of Qazlal Stormbringer
  3382 | D:4      | Noticed Lanoc's ghost (amateur DDEE)
  3639 | D:4      | Killed Lanoc's ghost
  4131 | D:5      | Entered Level 5 of the Dungeon
  4176 | D:5      | Noticed a moth of wrath
  4179 | D:5      | Found a bloodstained altar of Trog.
  4223 | D:5      | Got a crystal rapier
  4224 | D:5      | Identified the cursed +1 rapier "Intacoru" {pierce, *Corrode rElec MR- Int+8} (You found it on level 5 of the Dungeon)
  4283 | D:5      | Found a radiant altar of Vehumet.
  4358 | D:5      | Reached XP level 8. HP: 37/64 MP: 8/8
  4447 | D:5      | Noticed Edmund
  4466 | D:5      | Killed Edmund
  4466 | D:5      | Reached skill level 11 in Axes
  4542 | D:5      | Reached * piety under Qazlal
  4629 | D:5      | Reached skill level 5 in Armour
  4833 | D:5      | Reached skill level 5 in Shields
  5027 | D:5      | Gained mutation: You have supernaturally acute eyesight. (SInv) [mutagenic meat]
  5028 | D:5      | Gained mutation: You have a pair of small horns on your head. [mutagenic meat]
  5029 | D:5      | Gained mutation: You have sharp toenails. [mutagenic meat]
  5030 | D:5      | Gained mutation: Your body sometimes deteriorates upon taking damage. [mutagenic meat]
  5031 | D:5      | Gained mutation: You have a pair of horns on your head. [mutagenic meat]
  5380 | D:6      | Found a bloodstained altar of Trog.
  5418 | D:6      | Found Nanof's Armour Boutique.
  5578 | D:6      | Found a basalt altar of Yredelemnul.
  5650 | D:6      | Noticed a wyvern
  5663 | D:6      | Killed a wyvern
  5663 | D:6      | Reached skill level 12 in Axes
  5663 | D:6      | Reached XP level 9. HP: 17/70 MP: 9/9
  5666 | D:6      | HP: 3/70 [orc warrior/long sword (8)]
  6655 | D:7      | Reached ** piety under Qazlal
  6827 | D:7      | Noticed Joseph
  6855 | D:7      | Killed Joseph
  6886 | D:7      | Reached skill level 5 in Fighting
  6893 | D:7      | Reached skill level 13 in Axes
  7447 | D:7      | Found a burning altar of Makhleb.
  7449 | D:7      | Found an iron altar of Okawaru.
  7449 | D:7      | Found a glowing silver altar of Zin.
  7451 | D:7      | Found a hazy altar of Hepliaklqana.
  7514 | D:8      | Noticed a troll
  7535 | D:7      | Reached XP level 10. HP: 77/83 MP: 10/10
  7986 | D:8      | Noticed a gargoyle
  8203 | D:8      | Reached skill level 14 in Axes
  8218 | D:8      | Killed a gargoyle
  8237 | D:8      | Reached *** piety under Qazlal
  8481 | D:8      | Found a staircase to the Lair.
  8668 | D:8      | Noticed a two-headed ogre
  8967 | D:8      | Killed a two-headed ogre
  9165 | D:8      | Reached XP level 11. HP: 68/95 MP: 11/11
  9284 | D:8      | Reached skill level 15 in Axes
  9729 | D:8      | Noticed a two-headed ogre
  9742 | D:8      | Killed a two-headed ogre
  9905 | D:8      | Noticed a two-headed ogre
  9915 | D:8      | Killed a two-headed ogre
 10177 | D:9      | Noticed Maurice
 10203 | D:9      | Reached **** piety under Qazlal
 10544 | D:9      | Killed Maurice
 10568 | D:9      | Noticed Ratty's ghost (novice DEFE)
 10604 | D:9      | Killed Ratty's ghost
 10887 | D:9      | Noticed a two-headed ogre
 10900 | D:9      | Killed a two-headed ogre
 10900 | D:9      | Reached skill level 10 in Fighting
 11472 | D:9      | Found a staircase to the Orcish Mines.
 11832 | D:6      | Bought the +2 pair of gloves of Pride {rF+ Int+3} for 452 gold pieces
 11961 | D:10     | Entered Level 10 of the Dungeon
 12168 | D:10     | Reached ***** piety under Qazlal
 12345 | D:10     | Found a deep blue altar of Sif Muna.
 12431 | D:10     | Noticed a tengu warrior
 12453 | D:10     | Killed a tengu warrior
 12453 | D:10     | Reached XP level 12. HP: 96/107 MP: 12/12
 12526 | D:10     | Reached skill level 16 in Axes
 12549 | D:10     | Reached skill level 10 in Shields
 12587 | D:11     | Found an iron altar of Okawaru.
 12822 | D:11     | Noticed a two-headed ogre
 12829 | D:11     | Killed a two-headed ogre
 12829 | D:11     | Reached skill level 1 in Dodging
 13325 | D:12     | Noticed a two-headed ogre
 13327 | D:12     | Noticed a six-headed hydra
 13486 | D:11     | Killed a six-headed hydra
 13486 | D:11     | Reached skill level 10 in Armour
 13568 | D:11     | Killed a two-headed ogre
 13603 | D:12     | Noticed a two-headed ogre
 13610 | D:12     | Killed a two-headed ogre
 14074 | D:13     | Noticed a two-headed ogre
 14092 | D:12     | Killed a two-headed ogre
 14137 | D:13     | Noticed an anaconda
 14137 | D:13     | an anaconda changed into a swamp worm
 14150 | D:13     | Reached XP level 13. HP: 109/114 MP: 13/13
 14159 | D:13     | Reached skill level 5 in Dodging
 14169 | D:13     | Noticed an ogre mage
 14178 | D:13     | Paralysed by an ogre mage for 7 turns
 14179 | D:13     | Killed an ogre mage
 14210 | D:13     | Noticed a vault guard
 14213 | D:13     | Noticed a vault guard
 14223 | D:13     | Noticed a vault guard
 14452 | D:13     | Noticed a vault guard
 14498 | D:12     | Killed a vault guard
 14520 | D:12     | Killed a vault guard
 14520 | D:12     | Reached skill level 1 in Invocations
 14697 | D:12     | Killed a vault guard
 14723 | D:12     | Killed a vault guard
 14756 | D:13     | Reached ****** piety under Qazlal
 14891 | D:12     | Reached skill level 1 in Evocations
 15167 | D:13     | Got an ichor-stained great sword
 15173 | D:13     | Identified the +4 great sword of the Sage {drain, +Blink Stlth+} (You found it on level 13 of the Dungeon)
 15187 | D:13     | Got an opal-encrusted leather armour
 15198 | D:13     | Identified the +1 leather armour of Miracles {rC+ Int+2} (You found it on level 13 of the Dungeon)
 15285 | D:13     | Noticed Azrael
 15337 | D:13     | Killed Azrael
 15863 | D:13     | Found a gate to the Vaults.
 16047 | D:14     | Noticed ThereIsNoGod's ghost (journeyman SpVM)
 16475 | D:14     | Killed ThereIsNoGod's ghost
 16529 | D:14     | Gained mutation: You are covered in fur. (AC +1) [mutagenic meat]
 16532 | D:14     | Gained mutation: You expend magic power (3 MP) to strengthen your wands. [mutagenic meat]
 16562 | D:14     | Reached XP level 14. HP: 83/122 MP: 17/17
 16574 | D:14     | Reached skill level 5 in Invocations
 17315 | D:14     | Gained mutation: You are somewhat resistant to further mutation. [mutagenic meat]
 17317 | D:14     | Gained mutation: You possess an exceptional clarity of mind. [mutagenic meat]
 17319 | D:14     | Gained mutation: Your flesh is cold resistant. (rC+) [mutagenic meat]
 17997 | D:15     | Entered Level 15 of the Dungeon
 18016 | D:15     | Reached skill level 10 in Dodging
 18191 | D:15     | Found Gitediy's Armour Shoppe.
 18255 | D:15     | Reached skill level 5 in Evocations
 18279 | D:15     | Lost mutation: Your body sometimes deteriorates upon taking damage. [mutagenic meat]
 18743 | D:15     | Found a staircase to the Depths.
 19123 | Orc:1    | Entered Level 1 of the Orcish Mines
 19193 | Orc:1    | Found Egunyghe's Magic Scroll Boutique.
 19374 | Orc:1    | Found an iron altar of Okawaru.
 19447 | Orc:2    | Entered Level 2 of the Orcish Mines
 19447 | Orc:2    | Noticed an orc warlord
 19450 | Orc:2    | Found Makare's Antique Weapon Emporium.
 19593 | Orc:1    | Killed an orc warlord
 19850 | Orc:2    | Noticed Erolcha
 19850 | Orc:2    | Reached skill level 10 in Invocations
 19850 | Orc:2    | Reached XP level 15. HP: 85/129 MP: 22/22
 19862 | Orc:2    | Killed Erolcha
 19982 | Orc:2    | Found Ymosoic's Antique Armour Shoppe.
 20021 | Orc:2    | Bought an ichor-stained buckler for 237 gold pieces
 20031 | Orc:2    | Identified the +2 buckler of Waurgh Fado {Str+4 Stlth+} (You bought it in a shop on level 2 of the Orcish Mines)
 20063 | Orc:2    | Paralysed by an orc sorcerer for 2 turns
 20238 | Orc:2    | Noticed Rupert
 20243 | Orc:2    | Found Guj Bacu's Book Shoppe.
 20257 | Orc:2    | Killed Rupert
 20299 | Orc:2    | Bought a book of Necromancy for 390 gold pieces
 20303 | Orc:2    | Learned a level 3 spell: Regeneration
 20547 | Orc:2    | Found a staircase to the Elven Halls.
 20604 | Orc:2    | Found Reneazul's General Store.
 21044 | Lair:1   | Entered Level 1 of the Lair of Beasts
 21055 | Lair:1   | Reached skill level 1 in Charms
 21064 | Lair:1   | Reached skill level 1 in Necromancy
 21679 | Lair:2   | Noticed Sonja
 21706 | Lair:1   | Killed Sonja
 21726 | Lair:2   | Noticed Gastronok
 21731 | Lair:2   | Noticed Urug
 21732 | Lair:2   | Noticed Fannar
 21898 | Lair:2   | Killed Fannar
 21912 | Lair:2   | Killed Urug
 21927 | Lair:2   | Lost mutation: You have supernaturally acute eyesight. (SInv) [potion of mutation]
 21927 | Lair:2   | Lost mutation: You expend magic power (3 MP) to strengthen your wands. [potion of mutation]
 21927 | Lair:2   | Lost mutation: Your flesh is cold resistant. (rC+) [potion of mutation]
 21927 | Lair:2   | Lost mutation: You have sharp toenails. [potion of mutation]
 21927 | Lair:2   | Lost mutation: You have a pair of horns on your head. [potion of mutation]
 21927 | Lair:2   | Lost mutation: You possess an exceptional clarity of mind. [potion of mutation]
 21927 | Lair:2   | Gained mutation: You have supernaturally acute eyesight. (SInv) [potion of mutation]
 21927 | Lair:2   | Gained mutation: Your mind is acute. (Int +2) [potion of mutation]
 21935 | Lair:2   | Killed Gastronok
 22900 | Lair:3   | Found a blossoming altar of Fedhas.
 23057 | Lair:3   | Reached skill level 5 in Necromancy
 23415 | Lair:3   | Got an encrusted ring mail
 23426 | Lair:3   | Identified the +1 ring mail of Xoptabrav {+Blink} (You found it on level 3 of the Lair of Beasts)
 23636 | Lair:4   | Reached skill level 1 in Spellcasting
 23655 | Lair:4   | Found a hole to the Spider Nest.
 23774 | Lair:4   | Reached skill level 5 in Charms
 23800 | Lair:4   | Found a sparkling altar of Nemelex Xobeh.
 23901 | Lair:4   | Found a staircase to the Swamp.
 24665 | Lair:5   | Noticed Kirke
 24686 | Lair:5   | Killed Kirke
 24687 | Lair:5   | Reached XP level 16. HP: 123/138 MP: 23/23
 24972 | Lair:5   | Reached skill level 17 in Axes
 25684 | Lair:6   | Entered Level 6 of the Lair of Beasts
 25898 | Lair:6   | Noticed bmj180's ghost (journeyman MfFi)
 26834 | Lair:6   | Reached skill level 18 in Axes
 28035 | Swamp:1  | Entered Level 1 of the Swamp
 28071 | Lair:4   | Reached skill level 5 in Spellcasting
 28519 | Swamp:1  | Reached skill level 19 in Axes
 28595 | Swamp:1  | You fall through a shaft!
 28608 | Swamp:2  | Noticed a thorn hunter
 28634 | Swamp:2  | Killed a thorn hunter
 29530 | Swamp:1  | Noticed Frances
 29642 | Swamp:1  | Killed Frances
 29815 | Swamp:1  | Reached XP level 17. HP: 144/144 MP: 25/25
 29863 | Swamp:1  | Got a distressingly furry plate armour
 29876 | Swamp:1  | Identified the cursed +1 plate armour of the Moon {rPois rF- Int+7} (You found it on level 1 of the Swamp)
 30791 | Swamp:3  | Reached skill level 20 in Axes
 31538 | Swamp:4  | Entered Level 4 of the Swamp
 31544 | Swamp:4  | Noticed Donald
 31595 | Swamp:4  | Killed Donald
 32931 | Swamp:4  | Got a decaying rune of Zot
 34040 | Vaults:1 | Entered Level 1 of the Vaults
 34040 | Vaults:1 | Found Zaoc's Assorted Antiques.
 34262 | Vaults:1 | Reached XP level 18. HP: 140/156 MP: 26/26
 34316 | Vaults:1 | Found a burning altar of Makhleb.
 34501 | Vaults:1 | Found Roclo's Antique Armour Shoppe.
 34504 | Vaults:1 | Found a magical portal.
 34571 | WizLab   | Entered Cigotuvi's Fleshworks
 34640 | WizLab   | Gained mutation: You have a pair of horns on your head. [mutagenic meat]
 34797 | WizLab   | Gained mutation: Your spells are a little harder to cast, but a little more powerful. [mutagenic meat]
 34799 | WizLab   | Gained mutation: You have a somewhat thin skeletal structure. (Dex +2, Stealth) [mutagenic meat]
 34812 | WizLab   | Noticed letownia2's ghost (adept DDNe)
 34819 | WizLab   | Paralysed by a floating eye for 3 turns
 34827 | WizLab   | Reached skill level 15 in Shields
 34840 | WizLab   | Paralysed by a floating eye for 3 turns
 34939 | WizLab   | Gained mutation: Your magical capacity is low. (-10% MP) [mutagenic meat]
 35170 | WizLab   | Noticed Cigotuvi's Monster
 35205 | WizLab   | Killed Cigotuvi's Monster
 35615 | WizLab   | Paralysed by a floating eye for 4 turns
 35623 | WizLab   | Noticed a quicksilver dragon
 35623 | WizLab   | an azure jelly changed into a quicksilver dragon
 35627 | WizLab   | a quicksilver dragon changed into a stone giant
 35695 | WizLab   | Gained mutation: Your flesh is cold resistant. (rC+) [mutagenic meat]
 35812 | WizLab   | Gained mutation: You have large cloven feet. [mutagenic meat]
 35830 | WizLab   | Got a fine copper ring
 35832 | WizLab   | Identified the ring of Sovereignty {Ice rN++ Str-5} (You found it in a wizard's laboratory)
 35855 | WizLab   | Paralysed by a floating eye for 3 turns
 36190 | WizLab   | Identified the Tome of Transmigration
 36198 | WizLab   | Identified Cigotuvi's Disquisition on Sinister Shape Shifting
 36208 | WizLab   | Learned a level 6 spell: Statue Form
 36454 | Vaults:1 | Lost mutation: You have supernaturally acute eyesight. (SInv) [mutagenic meat]
 37122 | Vaults:1 | Gained mutation: Your magical capacity is very low. (-20% MP) [mutagenic meat]
 37760 | Vaults:2 | Reached XP level 19. HP: 115/166 MP: 22/22
 39242 | Vaults:3 | Lost mutation: You have large cloven feet. [mutagenic meat]
 39398 | Vaults:3 | Reached skill level 15 in Fighting
 39961 | Vaults:3 | Reached XP level 20. HP: 94/182 MP: 22/22
 39984 | Vaults:3 | Lost mutation: Your magical capacity is very low. (-20% MP) [mutagenic meat]
 40499 | Vaults:3 | Found a staircase to the Crypt.
 40564 | Vaults:3 | Found a portal to a secret trove of treasure.
 40896 | Vaults:4 | Lost mutation: Your spells are a little harder to cast, but a little more powerful. [mutagenic meat]
 41027 | Vaults:4 | Noticed Bai Suzhen
 41068 | Vaults:4 | Killed Bai Suzhen
 41280 | Vaults:4 | Gained mutation: You possess an exceptional clarity of mind. [mutagenic meat]
 42106 | Vaults:4 | Reached skill level 1 in Earth Magic
 42172 | Vaults:4 | Reached skill level 1 in Transmutations
 42425 | Vaults:5 | Entered Level 5 of the Vaults
 42534 | Vaults:5 | Noticed Sojobo
 42664 | Vaults:5 | Killed Sojobo
 42664 | Vaults:5 | Reached XP level 21. HP: 48/193 MP: 16/27
 42668 | Vaults:5 | Reached skill level 5 in Earth Magic
 42688 | Vaults:5 | Killed from afar by a war gargoyle

Skill      XL: |  1  2  3  4  5  6  7  8  9 10 11 12 13 14 15 16 17 18 19 20 21 |
---------------+----------------------------------------------------------------+-----
Axes           | 3 4 5 7 8 10 12 13 14 15 16 19 20 | 20.0
Armour         | 4 6 7 9 11 12 13 | 13.7
Shields        | 5 7 9 10 11 14 16 17 | 17.3
Fighting       | 5 8 10 11 12 13 16 17 | 17.7
Dodging        | 4 8 10 | 10.2
Invocations    | 4 10 11 12 13 | 13.1
Evocations     | 2 6 7 |  7.7
Charms         | 5 6 7 |  7.3
Necromancy     | 5 6 7 8 |  8.0
Spellcasting   | 2 5 |  5.7
Earth Magic    | 4 5 |  5.3
Transmutations | 3 4 |  4.2
Maces & Flails | |  0.4

Action                   |  1- 3 |  4- 6 |  7- 9 | 10-12 | 13-15 | 16-18 | 19-21 || total
-------------------------+-------+-------+-------+-------+-------+-------+-------++-------
Melee: War axe           |    79 |   194 |   381 |   697 |  1351 |    14 |    34 ||  2750
       Headbutt          |       |       |    30 |   173 |   373 |   647 |   375 ||  1598
       Trident           |       |       |     1 |    20 |       |       |       ||    21
       Whip              |       |       |       |       |    60 |  2132 |  1127 ||  3319
       Glaive            |       |       |       |       |       |     7 |       ||     7
Throw: Tomahawk          |       |       |       |       |     3 |       |       ||     3
 Cast: Regeneration      |       |       |       |       |       |     5 |    17 ||    22
Invok: Disaster Area     |       |       |       |       |     5 |     3 |     5 ||    13
       Elemental Force   |       |       |       |       |     1 |     3 |     3 ||     7
 Abil: Evoke Invisibilit |       |       |       |       |     2 |       |     1 ||     3
Evoke: Wand              |       |       |       |       |     5 |    20 |     2 ||    27
       Phantom mirror    |       |       |       |       |     1 |       |       ||     1
       Lightning rod     |       |       |       |       |       |       |     1 ||     1
  Use: Potion            |       |     4 |     8 |     2 |     7 |    11 |     8 ||    40
       Scroll            |       |       |    12 |     7 |     9 |    11 |     7 ||    46
 Stab: Invisible         |       |       |     5 |       |       |       |     7 ||    12
       Distracted        |       |       |       |       |       |     1 |       ||     1
  Eat: Chunk             |       |     7 |    13 |    23 |    39 |    88 |    46 ||   216
       Fruit             |       |       |     2 |       |     4 |    20 |     3 ||    29
       Meat ration       |       |       |     1 |     1 |     1 |     1 |       ||     4
Armor: Scale mail        |    45 |    86 |   105 |   165 |   193 |   563 |    21 ||  1178
       Plate armour      |       |       |       |       |       |       |   163 ||   163
Dodge: Dodged            |    28 |    48 |    60 |   124 |   327 |   885 |   225 ||  1697
       Deflected         |       |       |       |     7 |    15 |    12 |     5 ||    39
Block: Shield            |    49 |   101 |   144 |   431 |  1074 |  2244 |   995 ||  5038
       Other             |       |       |       |       |       |    15 |       ||    15
       Reflection        |       |       |       |       |       |    65 |    55 ||   120
